[Event "Titled Tuesday Blitz January 31 Late 2023"]
[White "Fier, Alexandr"]
[Black "Karas, Marek"]
[WhiteFideId "2107139"]
[BlackFideId "14928558"]
[WhiteElo "2589"]
[BlackElo "2227"]
[Result "0-1"]
[Round "03"]
[TimeControl "180+2"]
[Date "2023.01.31"]
[WhiteClock "0:02:01"]
[BlackClock "0:00:07"]

1. h4 e5 2. h5 h6 3. d4 exd4 4. Nf3 d5 5. c4 dxc4 6. e3 dxe3 7. Qxd8+ Kxd8 8. Bxe3 Bb4+ 9. Nc3 Nf6 10. O-O-O+ Ke8 11. Bxc4 Be6 12. Rhe1 Bxc4 13. Bxh6+ Be6 14. Bxg7 Rxh5 15. Bxf6 Be7 16. Be5 Na6 17. Ne4 Rd8 18. Nf6+ Bxf6 19. Bxf6 Rxd1+ 20. Rxd1 Rd5 21. Rh1 Kd7 22. Ne5+ Kd6 23. f4 Nc5 24. Rh8 Nd3+ 25. Kc2 Nxe5 26. Bxe5+ Kc6 27. Rh6 Kd7 28. b3 Rc5+ 29. Kb2 Rd5 30. Bc3 Rd3 31. Rh1 Rg3 32. Rd1+ Kc6 33. Be5 Rxg2+ 34. Ka3 Rc2 35. Rf1 Bf5 36. Rd1 b6 37. Rd8 Kb7 38. Rf8 Bg6 39. Re8 f6 40. Rg8 fxe5 41. Rxg6 exf4 42. Rf6 Rf2 43. Kb4 Rxa2 44. Rxf4 Re2 45. Ka3 Re6 46. Rf5 Rd6 47. Rg5 a5 48. Ka4 Rd4+ 49. Ka3 Re4 50. Rg7 Re6 51. Rh7 Rd6 52. Ka4 Rc6 53. Kb5 Rc5+ 54. Ka4 Rc1 55. Kb5 Rc3 56. Ka4 Ka6 57. Rh8 b5+ 58. Ka3 Kb7 59. Kb2 Rg3 60. Rh6 c6 61. Rh8 Kb6 62. Ra8 Rg7 63. Ka3 Ra7 64. Rf8 a4 65. b4 Re7 66. Rf3 Re4 67. Rc3 Re6 68. Rd3 c5 69. bxc5+ Kxc5 70. Rh3 Kb6 71. Kb4 Re4+ 72. Ka3 Ka5 73. Rh5 Re3+ 74. Ka2 Kb4 75. Rh4+ Kc3 76. Ka3 Re1 77. Rh3+ Kc4 78. Rh4+ Kd5 79. Kb4 Re4+ 80. Rxe4 Kxe4 0-1


[Site "https://www.chess.com"]

[Event "Titled Tuesday Blitz January 31 Late 2023"]
[White "Mikaelyan, Arman"]
[Black "Winterberg, Lukas"]
[WhiteFideId "13304852"]
[BlackFideId "24622702"]
[WhiteElo "2523"]
[BlackElo "2402"]
[Result "0-1"]
[Round "03"]
[TimeControl "180+2"]
[Date "2023.01.31"]
[WhiteClock "0:00:12"]
[BlackClock "0:01:37"]

1. Nf3 Nf6 2. g3 d5 3. Bg2 g6 4. O-O Bg7 5. d3 O-O 6. Nc3 Bg4 7. h3 Bxf3 8. Bxf3 c6 9. e4 e6 10. Bg2 Nbd7 11. f4 a5 12. a4 Nh5 13. g4 Nhf6 14. f5 dxe4 15. fxe6 fxe6 16. dxe4 Ne5 17. Qe2 Nfd7 18. Be3 Qe7 19. Rad1 Qb4 20. Bc1 Rxf1+ 21. Rxf1 Rf8 22. Rxf8+ Bxf8 23. Bf1 Bc5+ 24. Kh2 Qd4 25. Bg2 Qg1+ 26. Kg3 Qxc1 27. h4 Bd6 28. Kf2 Qf4+ 29. Ke1 Qxg4 30. Qf2 0-1


[Site "https://www.chess.com"]

[Event "Titled Tuesday Blitz January 31 Late 2023"]
[White "Girel, Joseph"]
[Black "Koutlas, Nikolaos"]
[WhiteFideId "36033561"]
[BlackFideId "25827138"]
[WhiteElo "2395"]
[BlackElo "2341"]
[Result "0-1"]
[Round "03"]
[TimeControl "180+2"]
[Date "2023.01.31"]
[WhiteClock "0:00:07"]
[BlackClock "0:00:13"]

1. e4 c5 2. Nf3 Nc6 3. d4 cxd4 4. Nxd4 e5 5. Nb5 d6 6. c4 g6 7. Be3 Nf6 8. f3 a6 9. N5c3 Bg7 10. Nd2 O-O 11. Bd3 Nh5 12. O-O Nf4 13. Bc2 Qg5 14. Bxf4 exf4 15. Nd5 Bh3 16. Rf2 Bd4 17. Qf1 Be6 18. Kh1 Bxf2 19. Qxf2 Qe5 20. Nb3 Qxb2 21. Rb1 Qe5 22. c5 Rfd8 23. Nb6 Rab8 24. h3 dxc5 25. Nxc5 Rd4 26. Nd3 Qd6 27. e5 Nxe5 28. Nxe5 Qxe5 29. Be4 Bxh3 30. gxh3 Rxe4 31. Nd7 Re2 32. Qf1 Qe3 33. Nxb8 Rf2 34. Qd1 Rxf3 35. Rb3 Rxh3+ 36. Kg2 Rg3+ 37. Kh2 Qf2+ 38. Kh1 Qg2# 0-1


[Site "https://www.chess.com"]

[Event "Titled Tuesday Blitz January 31 Late 2023"]
[White "Jeet, Jain"]
[Black "Timmermans, Mark"]
[WhiteFideId "5073022"]
[BlackFideId "1026399"]
[WhiteElo "2199"]
[BlackElo "2392"]
[Result "0-1"]
[Round "03"]
[TimeControl "180+2"]
[Date "2023.01.31"]
[WhiteClock "0:00:39"]
[BlackClock "0:01:16"]

1. Nf3 Nf6 2. g3 e6 3. Bg2 d5 4. O-O Be7 5. d4 O-O 6. Nbd2 b5 7. Re1 Bb7 8. Nb3 a5 9. a4 bxa4 10. Rxa4 Nbd7 11. Rxa5 Rxa5 12. Nxa5 Ba8 13. c3 c5 14. Nb3 Qb6 15. Qc2 Bc6 16. Nbd2 Rc8 17. dxc5 Nxc5 18. Ne5 Ba4 19. Qb1 Bd6 20. Nd3 Nce4 21. Nxe4 dxe4 22. Be3 Qb5 23. Nc1 Rxc3 24. Bxe4 Rc8 25. Bd3 Qa5 26. Na2 Ng4 27. Bd4 Qh5 28. h4 g5 29. f3 Bxg3 30. fxg4 Qxh4 31. Rc1 Qh2+ 32. Kf1 Qh1+ 33. Bg1 Qh3# 0-1


[Site "https://www.chess.com"]

[Event "Titled Tuesday Blitz January 31 Late 2023"]
[White "Rakhmatullaev, Almas"]
[Black "Ekdyshman, Mikhail"]
[WhiteFideId "14205793"]
[BlackFideId "4149416"]
[WhiteElo "2275"]
[BlackElo "2264"]
[Result "1-0"]
[Round "03"]
[TimeControl "180+2"]
[Date "2023.01.31"]
[WhiteClock "0:00:45"]
[BlackClock "0:00:01"]

1. e4 c5 2. c3 d5 3. exd5 Qxd5 4. d4 Nf6 5. Nf3 Bf5 6. Be3 Bxb1 7. Rxb1 e6 8. dxc5 Nc6 9. Bb5 Rd8 10. Qxd5 Nxd5 11. Ne5 Rc8 12. Bxc6+ bxc6 13. Nd3 Nxe3 14. fxe3 f6 15. Ke2 e5 16. e4 g6 17. b4 Be7 18. Rbd1 Kf7 19. Nb2 Ke6 20. Nc4 f5 21. exf5+ gxf5 22. Rhe1 Rhg8 23. Kf1 e4 24. a4 h5 25. a5 a6 26. Rd2 Rcd8 27. Red1 Rxd2 28. Rxd2 Rd8 29. Rxd8 Bxd8 30. Ke2 Bf6 31. Kd2 f4 32. Nd6 e3+ 33. Kd3 e2 34. Kxe2 Bxc3 35. b5 cxb5 36. Nxb5 Bxa5 37. Nd4+ Kd5 38. Kd3 Kxc5 39. Ne6+ Kd6 40. Nxf4 h4 41. Kc4 Bd8 42. Nd3 a5 43. Nc5 Ke5 44. Kb5 Kf4 45. Ne6+ 1-0


[Site "https://www.chess.com"]

[Event "Titled Tuesday Blitz January 31 Late 2023"]
[White "Travadon, Loic"]
[Black "Hambleton, Aman"]
[WhiteFideId "26092131"]
[BlackFideId "2606577"]
[WhiteElo "2461"]
[BlackElo "2420"]
[Result "0-1"]
[Round "03"]
[TimeControl "180+2"]
[Date "2023.01.31"]
[WhiteClock "0:00:11"]
[BlackClock "0:00:03"]

1. d4 Nf6 2. Bf4 d5 3. e3 e6 4. Nf3 Bd6 5. Bg3 c5 6. c3 Qc7 7. Ne5 Nbd7 8. f4 Ne4 9. Nd2 Nxd2 10. Qxd2 f6 11. Nf3 b6 12. Bb5 a6 13. Ba4 Bb7 14. O-O O-O 15. Kh1 Rae8 16. Qe2 b5 17. Bc2 f5 18. Ne5 Nf6 19. Bh4 Rc8 20. g4 cxd4 21. exd4 Ne4 22. gxf5 Rxf5 23. Rf3 Rcf8 24. Raf1 Qc8 25. Qg2 Qe8 26. Bxe4 dxe4 27. Rg3 Bxe5 28. dxe5 R8f7 29. Bf6 R5xf6 30. exf6 g6 31. Re3 Rxf6 32. Qg5 Qf7 33. Qe5 Bd5 34. a3 Rf5 35. Qd6 Kg7 36. Kg2 Kh6 37. h4 Qf6 38. Kg3 Rh5 39. Rh1 a5 40. b4 a4 41. Qb8 Rf5 42. Qc7 e5 43. h5 gxh5 44. fxe5 Qg5+ 45. Kh2 Rf2+ 46. Kh3 Qg4# 0-1


[Site "https://www.chess.com"]

[Event "Titled Tuesday Blitz January 31 Late 2023"]
[White "Averjanov, Alexey"]
[Black "Senthilkumar, Pranav"]
[WhiteFideId "14109867"]
[BlackFideId "2083477"]
[WhiteElo "2399"]
[BlackElo "1854"]
[Result "1-0"]
[Round "03"]
[TimeControl "180+2"]
[Date "2023.01.31"]
[WhiteClock "0:01:04"]
[BlackClock "0:00:42"]

1. d4 Nf6 2. c4 e6 3. Nf3 Bb4+ 4. Nbd2 O-O 5. g3 c5 6. Bg2 Nc6 7. dxc5 Bxc5 8. a3 d5 9. b4 Be7 10. Bb2 Qc7 11. Rc1 Qb8 12. O-O Rd8 13. Qb3 a6 14. Rfd1 Bd7 15. e3 Na7 16. Ne5 Be8 17. c5 a5 18. Ndf3 Ne4 19. Nd3 Bb5 20. Nd4 Bc4 21. Qc2 axb4 22. axb4 Ba6 23. Qb3 Nb5 24. Nxb5 Bxb5 25. Ra1 Rxa1 26. Rxa1 Bc4 27. Qc2 Bb5 28. Ra5 Bxd3 29. Qxd3 b6 30. Rb5 Qa7 31. Rxb6 Qa2 32. Qc2 Bf6 33. Bxe4 dxe4 34. c6 Qxb2 35. Qxb2 Bxb2 36. c7 Rd1+ 37. Kg2 1-0


[Site "https://www.chess.com"]

[Event "Titled Tuesday Blitz January 31 Late 2023"]
[White "Matko, Ognjen"]
[Black "Stoyanov, Tsvetan"]
[WhiteFideId "14509717"]
[BlackFideId "2917173"]
[WhiteElo "2295"]
[BlackElo "2454"]
[Result "0-1"]
[Round "03"]
[TimeControl "180+2"]
[Date "2023.01.31"]
[WhiteClock "0:00:02"]
[BlackClock "0:00:34"]

1. Nf3 d5 2. g3 Bg4 3. Bg2 c6 4. c4 Nf6 5. h3 Bh5 6. O-O Nbd7 7. d4 e6 8. Qb3 Qc8 9. Nc3 Nb6 10. cxd5 exd5 11. Bf4 Be7 12. Rac1 O-O 13. Ne5 Re8 14. g4 Bg6 15. a4 Bd8 16. a5 Nc4 17. a6 b5 18. Nxc4 dxc4 19. Qa2 Bb6 20. b3 Bxd4 21. bxc4 b4 22. Nb1 Nxg4 23. hxg4 Qxg4 24. e3 Be4 25. f3 Qxf4 26. fxe4 Qxe3+ 27. Kh2 Be5+ 28. Kh1 Qh6+ 29. Kg1 Bd4+ 30. Rf2 Qxc1+ 0-1


[Site "https://www.chess.com"]

[Event "Titled Tuesday Blitz January 31 Late 2023"]
[White "Gasparyan, David"]
[Black "Khoroshev, Nikita"]
[WhiteFideId "13311980"]
[BlackFideId "14200287"]
[WhiteElo "2142"]
[BlackElo "2336"]
[Result "0-1"]
[Round "03"]
[TimeControl "180+2"]
[Date "2023.01.31"]
[WhiteClock "0:00:16"]
[BlackClock "0:00:25"]

1. e3 d5 2. d4 c5 3. c3 Nc6 4. Bd3 e5 5. dxe5 Nxe5 6. Bb5+ Bd7 7. Qxd5 Bxb5 8. Qxe5+ Be7 9. a4 Bf1 10. Qxg7 Bf6 11. Qg4 Bd3 12. e4 h5 13. Qf3 Qd7 14. Be3 O-O-O 15. Nd2 Be5 16. Ne2 Nf6 17. Nf4 Ba6 18. Rd1 Qxa4 19. b3 Qc6 20. c4 Bc3 21. Nd5 Nxd5 22. exd5 Qg6 23. O-O b6 24. Ne4 Be5 25. Bf4 Bd4 26. Be3 Be5 27. Rd2 f5 28. Ng5 Rhg8 29. Ne6 Rde8 30. Ra2 Bb7 31. Rxa7 Rxe6 32. Rxb7 Kxb7 33. dxe6+ Kc7 34. Bf4 Qf6 35. Re1 Bxf4 36. Qxf4+ Kc8 37. e7 Re8 38. Ra1 Qxa1+ 0-1


[Site "https://www.chess.com"]

[Event "Titled Tuesday Blitz January 31 Late 2023"]
[White "Novikov, Evgenij"]
[Black "Cruz, Jonathan"]
[WhiteFideId "4125380"]
[BlackFideId "3802124"]
[WhiteElo "2276"]
[BlackElo "2328"]
[Result "1-0"]
[Round "03"]
[TimeControl "180+2"]
[Date "2023.01.31"]
[WhiteClock "0:01:19"]
[BlackClock "0:01:08"]

1. d4 d5 2. c4 c6 3. cxd5 cxd5 4. Nf3 Nc6 5. Bf4 Nf6 6. Nc3 e6 7. e3 Bd6 8. Bg3 O-O 9. Bd3 Qe7 10. O-O Bxg3 11. hxg3 e5 12. dxe5 Nxe5 13. Be2 Rd8 14. Qd4 Nc6 15. Qh4 Bg4 16. Rfd1 Rd7 17. Rd2 Rad8 18. Rad1 h5 19. Qg5 Kf8 20. Nd4 Ne4 21. Qxe7+ Nxe7 22. Nxe4 1-0


[Site "https://www.chess.com"]

[Event "Titled Tuesday Blitz January 31 Late 2023"]
[White "Costachi, Mihnea"]
[Black "Bochnicka, Vladimir"]
[WhiteFideId "1217518"]
[BlackFideId "14943450"]
[WhiteElo "2476"]
[BlackElo "2327"]
[Result "1-0"]
[Round "03"]
[TimeControl "180+2"]
[Date "2023.01.31"]
[WhiteClock "0:00:10"]
[BlackClock "0:00:04"]

1. Nc3 Nf6 2. e4 e5 3. Bc4 Nc6 4. d3 d6 5. f4 Na5 6. Nf3 Nxc4 7. dxc4 exf4 8. O-O Be7 9. Bxf4 O-O 10. Qd3 h6 11. Nd5 Re8 12. Rae1 Bf8 13. e5 dxe5 14. Bxe5 Nxd5 15. cxd5 Bg4 16. c4 c6 17. d6 Qb6+ 18. Kh1 Rad8 19. h3 Be6 20. Rd1 c5 21. b3 Rd7 22. Rd2 Red8 23. Rfd1 Qc6 24. Qe3 Bxd6 25. Bxd6 Rxd6 26. Ne5 Qc7 27. Rxd6 Rxd6 28. Rf1 Qa5 29. a4 Qd2 30. Qxc5 Qe2 31. Rg1 Rd2 32. Nf3 Rb2 33. Nd4 Qd2 34. Nxe6 fxe6 35. Qc8+ Kh7 36. Qxb7 Qd3 37. Qxa7 Rxb3 38. c5 Rc3 39. Qb6 Qd5 40. Qb1+ g6 41. Kh2 Rxc5 42. Rd1 Qe5+ 43. Kh1 h5 44. Qb7+ Kh6 45. Qa8 Qg7 46. a5 Rg5 47. a6 h4 48. a7 Qb2 49. Qf8+ Kh5 50. Qf3+ Kh6 51. a8=Q Rd5 52. Rxd5 Qa1+ 53. Qxa1 1-0


[Site "https://www.chess.com"]

[Event "Titled Tuesday Blitz January 31 Late 2023"]
[White "Sokolovsky, Yahli"]
[Black "Drnovsek, Gal"]
[WhiteFideId "2820242"]
[BlackFideId "14607077"]
[WhiteElo "2461"]
[BlackElo "2397"]
[Result "1-0"]
[Round "03"]
[TimeControl "180+2"]
[Date "2023.01.31"]
[WhiteClock "0:00:16"]
[BlackClock "0:00:22"]

1. b3 Nf6 2. Bb2 g6 3. Nf3 Bg7 4. d4 O-O 5. e3 Ne4 6. c4 c5 7. Bd3 d5 8. cxd5 Qxd5 9. Qc2 Ng5 10. Nbd2 cxd4 11. Nxg5 Qxg2 12. Ndf3 dxe3 13. Bxg7 exf2+ 14. Qxf2 Qxf2+ 15. Kxf2 Kxg7 16. Rhe1 Nc6 17. Bb5 h6 18. Ne4 Nb4 19. Rac1 a6 20. Bf1 Nd5 21. Nc5 e6 22. Ne5 b6 23. Na4 f6 24. Nc6 Bd7 25. Nd4 Kf7 26. Bg2 Nb4 27. Bxa8 Nd3+ 28. Ke2 Nxc1+ 29. Rxc1 Rxa8 30. Rc7 Ke8 31. Rxd7 Kxd7 32. Nxb6+ Kd6 33. Nxa8 e5 34. Nc2 f5 35. Nb6 g5 36. Nc4+ Kd5 37. N2e3+ Ke4 38. Nd6+ Kf4 39. Nexf5 e4 40. Nxh6 a5 41. Nc4 g4 42. Nxg4 Kxg4 43. Nxa5 Kf4 44. Nc4 Kg4 45. a4 Kf4 46. a5 Kg4 47. a6 Kh3 48. a7 Kg2 49. a8=Q Kh1 50. Qxe4+ Kg1 51. Qg4+ Kh1 52. Kf2 Kxh2 53. Qg2# 1-0


[Site "https://www.chess.com"]

[Event "Titled Tuesday Blitz January 31 Late 2023"]
[White "Krysa, Leandro"]
[Black "Hajiyev, Kanan"]
[WhiteFideId "116807"]
[BlackFideId "13404148"]
[WhiteElo "2541"]
[BlackElo "2197"]
[Result "1-0"]
[Round "03"]
[TimeControl "180+2"]
[Date "2023.01.31"]
[WhiteClock "0:00:07"]
[BlackClock "0:00:14"]

1. e4 c6 2. d4 d5 3. e5 a6 4. Bd3 c5 5. c3 cxd4 6. cxd4 Nc6 7. Be3 Qb6 8. Qd2 Nh6 9. Nc3 Qa5 10. Bxh6 gxh6 11. Nge2 Bg4 12. f3 Bh5 13. Nf4 Bg6 14. Bxg6 hxg6 15. e6 O-O-O 16. exf7 e5 17. Nxg6 Rh7 18. Nxf8 Rxf8 19. dxe5 Rhxf7 20. Qxd5 Qxd5 21. Nxd5 Nxe5 22. O-O Kb8 23. Rfd1 Rg8 24. Kh1 Ka7 25. Nc3 Nc4 26. b3 Ne3 27. Rd2 h5 28. Re1 Nf5 29. Ne4 h4 30. h3 Re7 31. Rc1 Reg7 32. Nf6 Rf8 33. Ng4 Ng3+ 34. Kh2 Re7 35. Rcd1 Rfe8 36. Nf6 Rf8 37. Ne4 Nxe4 38. fxe4 Rxe4 39. Rd4 Rff4 40. Rxe4 Rxe4 41. Rd2 Kb6 42. g3 Kb5 43. gxh4 Kb4 44. Kg3 Ka3 45. h5 Re1 46. Kh4 Re4+ 47. Kg5 Re5+ 48. Kg6 Re6+ 49. Kf5 Rc6 50. Re2 Rc5+ 51. Kg6 Rc6+ 52. Kf5 Rc5+ 53. Re5 Rc3 54. Kg4 Rc2 55. h6 Rg2+ 56. Kh5 Rg8 57. h7 Rh8 58. Kg6 Kxa2 59. Kg7 Rc8 60. h8=Q Rxh8 61. Kxh8 Kxb3 62. h4 b5 63. h5 b4 64. h6 Kc4 65. h7 b3 66. Kg8 b2 67. Re1 a5 68. h8=Q a4 69. Qxb2 a3 70. Qxa3 Kd4 71. Qe3+ Kc4 72. Rc1+ Kd5 73. Rc5+ Kd6 74. Qe5+ Kd7 75. Rc7+ Kd8 76. Qe7# 1-0


[Site "https://www.chess.com"]

[Event "Titled Tuesday Blitz January 31 Late 2023"]
[White "Kleiman, Jake"]
[Black "Dourerassou, Jonathan"]
[WhiteFideId "2020041"]
[BlackFideId "628050"]
[WhiteElo "2399"]
[BlackElo "2414"]
[Result "1-0"]
[Round "03"]
[TimeControl "180+2"]
[Date "2023.01.31"]
[WhiteClock "0:00:17"]
[BlackClock "0:00:14"]

1. e4 e6 2. d3 d5 3. Nd2 b6 4. Ngf3 Bb7 5. g3 Nf6 6. e5 Nfd7 7. Bg2 c5 8. O-O Nc6 9. Re1 Qc7 10. Qe2 h6 11. h4 O-O-O 12. Nf1 Be7 13. c3 g5 14. hxg5 hxg5 15. g4 d4 16. Ng3 dxc3 17. bxc3 Ba6 18. Qe4 Bb7 19. Qe2 Rh4 20. Nxh4 gxh4 21. Ne4 Ndxe5 22. Bf4 Qd7 23. Nxc5 Bxc5 24. Bxe5 Nxe5 25. Qxe5 Bxg2 26. Kxg2 Qxd3 27. Qe4 h3+ 28. Kh2 Qd6+ 29. f4 Qd2+ 30. Re2 Qxc3 31. Qa8+ Kc7 32. Qxa7+ Kc6 33. Qa4+ Kb7 34. Rd1 Rxd1 35. Qxd1 Qc4 36. Qf1 Ka7 37. Qf3 Qc1 38. Kxh3 Qb1 39. f5 Qc1 40. fxe6 Qh6+ 41. Kg2 fxe6 42. Qf7+ Ka6 43. Qxe6 Qf4 44. Qe4 Qf8 45. Qa4+ Kb7 46. Rd2 Bd6 47. Qe4+ Ka7 48. Qe6 Qa8+ 49. Qd5 Qc8 50. Qxd6 Qxg4+ 51. Kf2 Qh4+ 52. Ke2 Qe4+ 53. Kd1 Qb1+ 54. Ke2 Qe4+ 55. Kf2 Qh4+ 56. Kf3 Qh3+ 57. Ke4 Qg4+ 58. Kd3 Qf5+ 59. Kc3 Qa5+ 60. Kb3 Qb5+ 61. Ka3 Qa5+ 62. Kb2 Qb5+ 63. Kc2 Qf5+ 64. Rd3 Qf2+ 65. Kb3 Qf7+ 66. Qd5 Qf1 67. Qd7+ Ka6 68. Qa4+ Kb7 69. Rd7+ Kc8 70. Qc6+ Kb8 71. Qb7# 1-0


[Site "https://www.chess.com"]

[Event "Titled Tuesday Blitz January 31 Late 2023"]
[White "Nazari, Arad"]
[Black "Vovk, Orest"]
[WhiteFideId "12577324"]
[BlackFideId "14113490"]
[WhiteElo "2367"]
[BlackElo "2315"]
[Result "1-0"]
[Round "03"]
[TimeControl "180+2"]
[Date "2023.01.31"]
[WhiteClock "0:01:20"]
[BlackClock "0:00:23"]

1. e4 g5 2. d4 g4 3. Qxg4 d5 4. Qh4 dxe4 5. Qxe4 Nf6 6. Qh4 Rg8 7. h3 Nc6 8. Nf3 Bf5 9. c3 Qd5 10. Nbd2 O-O-O 11. Qf4 e6 12. g4 Nxg4 13. hxg4 Rxg4 14. Qe3 Bd6 15. Bc4 Qa5 16. Rh4 Rdg8 17. Rxg4 Rxg4 18. Nb3 Qb6 19. Be2 Bf4 20. Qxf4 Rxf4 21. Bxf4 a5 22. O-O-O a4 23. Nc5 a3 24. b3 Qa5 25. Bd2 b6 26. Ba6+ Kb8 27. b4 bxc5 28. bxa5 Bg4 29. Be2 1-0


[Site "https://www.chess.com"]

[Event "Titled Tuesday Blitz January 31 Late 2023"]
[White "Bjelobrk, Igor"]
[Black "Golubev, Mikhail"]
[WhiteFideId "4300726"]
[BlackFideId "14100983"]
[WhiteElo "2403"]
[BlackElo "2461"]
[Result "0-1"]
[Round "03"]
[TimeControl "180+2"]
[Date "2023.01.31"]
[WhiteClock "0:00:11"]
[BlackClock "0:00:32"]

1. Nf3 d6 2. d4 Nf6 3. c4 g6 4. Nc3 Bg7 5. e4 O-O 6. Be2 e5 7. d5 Qe8 8. Nd2 a5 9. h4 Na6 10. h5 Nc5 11. hxg6 fxg6 12. Qc2 Qf7 13. Nf3 Ng4 14. Bd2 h6 15. Rf1 Bd7 16. O-O-O c6 17. Kb1 Rfc8 18. Rc1 cxd5 19. cxd5 Nxe4 20. Nxe4 Rxc2 21. Rxc2 Bf5 22. Bd3 Qxd5 23. Bc4 Qxc4 24. Rxc4 d5 25. Rc7 Bxe4+ 26. Ka1 b5 27. Rb7 d4 28. Rxb5 Bd3 29. Rxa5 Rxa5 30. Bxa5 Bxf1 31. a4 Bxg2 32. Nd2 Bc6 33. b3 e4 34. Kb1 Nxf2 35. Nc4 e3 36. Bb6 e2 0-1


[Site "https://www.chess.com"]

[Event "Titled Tuesday Blitz January 31 Late 2023"]
[White "Real_OceanStorm"]
[Black "CheckBits"]
[WhiteElo "2671"]
[BlackElo "2478"]
[Result "1/2-1/2"]
[Round "03"]
[TimeControl "180+2"]
[Date "2023.01.31"]
[WhiteClock "0:00:05"]
[BlackClock "0:00:08"]

1. Nf3 d5 2. d4 Nf6 3. Bf4 c5 4. e3 Nc6 5. c4 cxd4 6. exd4 e6 7. cxd5 Nxd5 8. Bg3 Bb4+ 9. Nbd2 O-O 10. a3 Be7 11. Be2 b6 12. O-O Bb7 13. Rc1 Nf6 14. Nb3 Qd5 15. Bc4 Qh5 16. Ne5 Qxd1 17. Rfxd1 Nxe5 18. dxe5 Nd5 19. Nd2 Rfc8 20. Ne4 Ne3 21. Nf6+ gxf6 22. fxe3 f5 23. Bf4 Bc6 24. Ba6 Rc7 25. Rd2 Bd8 26. Rcd1 Bd5 27. Be2 Be7 28. Bf3 Bxf3 29. gxf3 Kf8 30. Kf2 Rac8 31. e4 fxe4 32. fxe4 Rc2 33. h3 Ke8 34. Kf3 Rxd2 35. Rxd2 h5 36. Rg2 Rc4 37. Rg8+ Kd7 38. Ra8 a5 39. Be3 Bc5 40. Ra7+ Ke8 41. Ra8+ Kd7 42. Ra7+ Ke8 43. Ra8+ Kd7 1/2-1/2


[Site "https://www.chess.com"]

[Event "Titled Tuesday Blitz January 31 Late 2023"]
[White "Golubka, Petro"]
[Black "Grycel, Kamil"]
[WhiteFideId "14114224"]
[BlackFideId "1115499"]
[WhiteElo "2371"]
[BlackElo "2315"]
[Result "0-1"]
[Round "03"]
[TimeControl "180+2"]
[Date "2023.01.31"]
[WhiteClock "0:00:10"]
[BlackClock "0:00:28"]

1. e4 c5 2. Be2 e6 3. Nc3 a6 4. Nf3 b5 5. a3 Bb7 6. d3 Qc7 7. O-O Nc6 8. g3 Nf6 9. Bf4 d6 10. Qd2 Be7 11. b4 cxb4 12. axb4 O-O 13. Rfb1 Rac8 14. Nd1 e5 15. Bg5 h6 16. Bxf6 Bxf6 17. Ne3 Nd4 18. Ra2 Nxf3+ 19. Bxf3 Bg5 20. h4 Bxe3 21. Qxe3 f5 22. exf5 Rxf5 23. Bg4 Rcf8 24. Bxf5 Rxf5 25. Kf1 Qc6 26. Ke2 Qg2 27. Rf1 Rf3 28. Qb6 Rxg3 29. Qxd6 Bf3+ 30. Kd2 Rg6 31. Qd8+ Kh7 32. Raa1 e4 33. Rae1 exd3 34. Qxd3 Qg4 35. Rg1 Qf4+ 36. Kc3 Qf6+ 37. Kb3 Bh5 38. Rxg6 Bxg6 39. Qg3 Qf7+ 40. Ka3 Qc4 41. h5 Bxc2 42. Re7 Qd4 43. Ka2 Bd3 44. Qe5 Bc4+ 45. Kb1 Qd1+ 46. Kb2 Qd2+ 47. Ka3 Qa2# 0-1


[Site "https://www.chess.com"]

[Event "Titled Tuesday Blitz January 31 Late 2023"]
[White "Darini, Pouria"]
[Black "Przybylski, Wojciech"]
[WhiteFideId "12502200"]
[BlackFideId "1117599"]
[WhiteElo "2401"]
[BlackElo "2321"]
[Result "0-1"]
[Round "03"]
[TimeControl "180+2"]
[Date "2023.01.31"]
[WhiteClock "0:00:04"]
[BlackClock "0:00:05"]

1. c4 e5 2. g3 Nf6 3. Bg2 d5 4. cxd5 Nxd5 5. Nc3 Nb6 6. e3 Be7 7. Nge2 O-O 8. O-O Nc6 9. f4 Be6 10. b3 f6 11. Bb2 Nb4 12. d4 N4d5 13. Nxd5 Nxd5 14. Qc1 exf4 15. e4 f3 16. Bxf3 Nb6 17. Nf4 Bf7 18. Rd1 c6 19. Qe3 Re8 20. Rac1 Bf8 21. Qf2 Qe7 22. Re1 Qd7 23. Qg2 a5 24. Nd3 a4 25. Nc5 Qc7 26. e5 fxe5 27. dxe5 axb3 28. axb3 Ra2 29. Re2 Nd5 30. Nd3 Qb6+ 31. Kh1 Qxb3 32. Be4 Bh5 33. g4 Bg6 34. Rce1 Ne7 35. Nc5 Qc4 36. Nxb7 Bxe4 37. Rxe4 Qd5 38. Nd6 Rd8 39. R4e2 Qe6 40. Bd4 Nd5 41. Rxa2 Nf4 42. Qf3 Ng6 43. Rf2 Bxd6 44. exd6 Qxe1+ 45. Rf1 Qe6 46. d7 Rxd7 47. Ba1 Qd5 48. Qxd5+ cxd5 49. Bd4 h6 50. Rf5 Rd8 51. Kg1 Rd7 52. Kf2 Ne7 53. Kg3 Nxf5+ 54. gxf5 Kf7 55. Kf4 Re7 56. Be5 Re8 57. h3 Re7 58. Bd6 Re4+ 59. Kf3 Kf6 60. Bf8 Kxf5 61. Bxg7 h5 62. Bh6 Rc4 63. Bd2 Ra4 64. Bc1 Rb4 65. Bh6 Rb3+ 66. Kg2 d4 67. Bg7 Ke4 68. Kf2 Rxh3 69. Kg2 Rf3 70. Bxd4 Rd3 71. Bf6 Kf5 72. Bh4 Kg4 73. Be1 Rb3 74. Ba5 Rb2+ 75. Kg1 Kg3 76. Bc7+ Kf3 77. Be5 Rg2+ 78. Kh1 h4 79. Bd6 Re2 80. Bc7 Rd2 81. Be5 Rd5 82. Bc7 Kg4 83. Kg2 Rc5 84. Bd6 Rc2+ 85. Kg1 Kf3 86. Bb8 Rb2 87. Be5 Rg2+ 88. Kh1 Re2 89. Bd6 Rd2 90. Bc7 Rd3 91. Kh2 Kg4 92. Be5 Rh3+ 93. Kg2 Re3 94. Bc7 Re2+ 95. Kg1 Rd2 96. Bb8 Kh3 97. Be5 Rd1+ 98. Kf2 Rd5 99. Bc7 Rg5 100. Bb8 Rg2+ 101. Kf1 Rg8 102. Be5 Kg4 103. Bd6 Kf3 104. Bh2 h3 105. Bd6 Rd8 106. Bg3 Rd1+ 107. Be1 Rc1 108. Kg1 Rxe1+ 109. Kh2 Rf1 0-1


[Site "https://www.chess.com"]

[Event "Titled Tuesday Blitz January 31 Late 2023"]
[White "Estrada Nieto, Julian"]
[Black "Tristan, Leonardo"]
[WhiteFideId "5101018"]
[BlackFideId "113816"]
[WhiteElo "2215"]
[BlackElo "2545"]
[Result "0-1"]
[Round "03"]
[TimeControl "180+2"]
[Date "2023.01.31"]
[WhiteClock "0:00:06"]
[BlackClock "0:00:52"]

1. e4 d5 2. exd5 Qxd5 3. Nc3 Qa5 4. d4 Nf6 5. Nf3 Bf5 6. Bc4 e6 7. Bd2 Bb4 8. Qe2 O-O 9. a3 Nc6 10. O-O Bxc3 11. Bxc3 Qb6 12. Rad1 Rad8 13. h3 Rfe8 14. Rfe1 h6 15. Ne5 Nxd4 16. Bxd4 Rxd4 17. Rxd4 Qxd4 18. c3 Qe4 19. Qxe4 Bxe4 20. Rd1 Bd5 21. Bb5 c6 22. Be2 Bb3 23. Rd4 a5 24. c4 Kf8 25. Nd7+ Ke7 26. Nc5 Ba2 27. Nxb7 a4 28. c5 Rb8 29. Na5 Bd5 30. Bf3 Rxb2 31. Rxa4 Kd7 32. Nc4 Bxc4 33. Rxc4 Nd5 34. Ra4 Rc2 35. Ra7+ Nc7 36. Ra5 f5 37. Kh2 e5 38. Bd1 Rxf2 39. a4 Rd2 40. Bb3 f4 41. Kg1 e4 42. Kf1 e3 43. Bc4 Rf2+ 44. Ke1 Rxg2 45. Be2 Rf2 46. Bg4+ Kd8 47. Ra7 g6 48. Rb7 h5 49. Rb8+ Ke7 50. Rb7 hxg4 51. Rxc7+ Kd8 52. hxg4 Kxc7 0-1


[Site "https://www.chess.com"]

[Event "Titled Tuesday Blitz January 31 Late 2023"]
[White "Davidson, Kevin"]
[Black "Nigmatov, Ortik"]
[WhiteFideId "2056810"]
[BlackFideId "14202131"]
[WhiteElo "2154"]
[BlackElo "2438"]
[Result "0-1"]
[Round "03"]
[TimeControl "180+2"]
[Date "2023.01.31"]
[WhiteClock "0:00:01"]
[BlackClock "0:00:04"]

1. e4 c5 2. Nf3 e6 3. d4 cxd4 4. Nxd4 Nf6 5. Nc3 d6 6. Be3 a6 7. g4 h5 8. g5 Ng4 9. Bc1 Nc6 10. Nxc6 bxc6 11. f4 Qb6 12. Qf3 d5 13. h3 d4 14. hxg4 hxg4 15. Qg2 Rxh1 16. Qxh1 dxc3 17. b3 Qd4 18. Bd3 c5 19. Qg2 Bb7 20. Qf2 Qxf2+ 21. Kxf2 f6 22. gxf6 gxf6 23. Be3 Bd6 24. Rg1 O-O-O 25. Rxg4 Rh8 26. Rg6 Be7 27. Rg7 Kd8 28. a4 Rh2+ 29. Kg3 Rh1 30. Rg8+ Kd7 31. Rg7 Ke8 32. Rg8+ Kf7 33. Rb8 Bc6 34. Rc8 Be8 35. Rc7 Kf8 36. Bxc5 Bxc5 37. Rxc5 Ke7 38. Rc7+ Kd6 39. Ra7 Rd1 40. Kg2 Rxd3 41. cxd3 c2 42. Rxa6+ Bc6 43. b4 c1=Q 44. b5 Qd2+ 45. Kg1 Qe3+ 0-1


[Site "https://www.chess.com"]